 Dungeon Crawl Stone Soup version 0.19.4-8-ga85b6b9 (webtiles) character file.

3041 Heskey the Fighter (level 9, 0/159 HPs)
             Began as an Ogre Berserker on Feb 12, 2017.
             Was a High Priest of Trog.
             Slain by a killer bee (4 damage)
             ... on level 8 of the Dungeon.
             The game lasted 00:12:14 (7275 turns).

Heskey the Fighter (Ogre Berserker)                 Turns: 7275, Time: 00:12:14

Health: 0/159      AC:  4    Str: 32    XL:     9   Next: 86%
Magic:  9/9        EV: 12    Int:  6    God:    Trog [*****.]
Gold:   362        SH:  0    Dex:  9    Spells: 0 memorised, 8 levels left

rFire  . . .     SeeInvis .     h - +0 giant club
rCold  + . .     Gourm    .     b - +0 animal skin
rNeg   . . .     Faith    .     (shield currently unavailable)
rPois  .         Spirit   .     (helmet restricted)
rElec  .         Reflect  .     i - +0 cloak
rCorr  .         Harm     .     (gloves unavailable)
MR     .....                    (boots unavailable)
Stlth  ..........               (no amulet)
                                (no ring)
                                n - ring of protection from cold

@: berserking, lethally poisoned (0 -> -31), very quick
A: unfitting armour, tough skin 1
a: Berserk, Trog's Hand, Brothers in Arms, Burn Spellbooks, Renounce Religion


You were on level 8 of the Dungeon.
You worshipped Trog.
Trog was extremely pleased with you.
You were not hungry.

You visited 1 branch of the dungeon, and saw 8 of its levels.
You also visited: Ossuary.

You collected 362 gold pieces.

Inventory:

Hand Weapons
 d - a +0 whip of freezing
 h - a +0 giant club (weapon)
Missiles
 u - 3 tomahawks (quivered)
Armour
 b - a +0 animal skin (worn)
 i - a +0 cloak (worn)
Jewellery
 n - a ring of protection from cold (left hand)
Wands
 a - a wand of lightning (7/15)
 q - a wand of polymorph (14/24)
Scrolls
 e - 4 scrolls of remove curse
 f - a scroll of fog {unknown}
 j - 3 scrolls of recharging
 k - 3 scrolls of identify
 p - a scroll of enchant weapon
 s - a scroll of immolation {unknown}
 v - a scroll of blinking
 x - a scroll of vulnerability {unknown}
Potions
 l - a potion of beneficial mutation {unknown}
 m - a potion of resistance
 o - 2 potions of curing
 t - 3 potions of ambrosia
 w - 2 potions of might
Comestibles
 c - a bread ration
 g - a slice of pizza
 r - 4 meat rations
 z - a beef jerky


   Skills:
 * Level 11.7 Fighting
 * Level 11.4 Maces & Flails
 + Level 6.1 Dodging


You had 8 spell levels left.
You didn't know any spells.

Dungeon Overview and Level Annotations

Branches:
Dungeon (8/15)             Temple (0/1) D:5
   Lair: D:8-11

Altars:
Elyvilon
Trog
Yredelemnul
Zin


Innate Abilities, Weirdness & Mutations

You are too large for most types of armour.
You have tough skin. (AC +1)


Message History

You closely miss the killer bee.
You feel sick. The killer bee barely misses you. The killer bee stings you.
* * * LOW HITPOINT WARNING * * *
You are more poisoned.
The killer bee poisons you!
You barely miss the killer bee.
* * * LOW HITPOINT WARNING * * *
You feel sick. The killer bee closely misses you.
The killer bee barely misses you. The killer bee stings you.
* * * LOW HITPOINT WARNING * * *
You are more poisoned.
The killer bee poisons you! The killer bee stings you!
* * * LOW HITPOINT WARNING * * *
You are too berserk!
You hit the killer bee.
The killer bee is moderately wounded.
* * * LOW HITPOINT WARNING * * *
You feel very sick. The killer bee stings you.
You die...

#.#. #.## ##.#.
... #.... ..#
###....###..#####
# ........#.......
#.##......#.......
#........?........
........(.@y......
.........#.y......
...#.#...#........
.........####+....
.....#.......+ ..$
...........### ..
####[....#.# .
#####+#.##.#
.......<...#


You could see 2 killer bees.

Vanquished Creatures
  Pikel (D:5)
  Grinder (D:6)
  2 hippogriffs (D:7)
  Duvessa (D:5)
  A black bear (D:7)
  2 orc warriors (D:6)
  2 ice beasts
  2 ogres
  A centaur (D:6)
  An elf zombie (Ossuary)
  Blork the orc (D:5)
  Dowan (D:5)
  2 bullfrogs
  A wyvern skeleton (D:8)
  A scorpion (D:4)
  A killer bee (D:8)
  A bullfrog zombie (D:7)
  A centaur skeleton (D:4)
  A hound (D:5)
  A jelly (D:6)
  A gnoll shaman (D:7)
  3 iguanas
  4 orc wizards
  2 worker ants
  A hound zombie (Ossuary)
  A mummy (D:5)
  2 worker ant zombies (D:5)
  6 gnolls
  13 adders
  2 shadow imps
  2 oozes
  2 worms
  4 dart slugs
  7 leopard geckos
  16 orcs
  6 giant cockroaches
  10 goblins
  10 hobgoblins
  18 jackals
  6 kobolds
  5 quokkas
  A ball python (D:3)
  7 bats
  7 frilled lizards
  A jackal skeleton (D:7)
  2 leopard gecko zombies
  10 rats
174 creatures vanquished.

Vanquished Creatures (others)
  A slave (D:5)
  A scorpion (D:5)
  A leopard gecko (D:5)
3 creatures vanquished.

Grand Total: 177 creatures vanquished

Notes
Turn   | Place    | Note
-------+----------+-------------------------------------------
     0 | D:1      | Heskey the Ogre Berserker began the quest for the Orb.
     0 | D:1      | Reached XP level 1. HP: 24/24 MP: 1/1
    60 | D:1      | Reached XP level 2. HP: 29/32 MP: 2/2
   382 | D:1      | Reached XP level 3. HP: 37/40 MP: 3/3
   462 | D:1      | Reached ** piety under Trog
   720 | D:1      | Reached skill level 5 in Fighting
  1259 | D:2      | Reached XP level 4. HP: 49/50 MP: 4/4
  1333 | D:2      | Reached skill level 5 in Maces & Flails
  1993 | D:2      | Found a bloodstained altar of Trog.
  2310 | D:3      | Reached XP level 5. HP: 47/57 MP: 5/5
  2647 | D:3      | Reached *** piety under Trog
  3011 | D:3      | Found a glowing silver altar of Zin.
  3802 | D:4      | Reached XP level 6. HP: 66/68 MP: 6/6
  4156 | D:5      | Entered Level 5 of the Dungeon
  4164 | D:5      | Found a sand-covered staircase.
  4183 | Ossuary  | Entered an ossuary
  4694 | D:5      | Found a staircase to the Ecumenical Temple.
  4767 | D:5      | Noticed Blork the orc
  4772 | D:5      | Killed Blork the orc
  4772 | D:5      | Reached XP level 7. HP: 68/78 MP: 7/7
  4845 | D:5      | Noticed Pikel
  4856 | D:5      | Killed Pikel
  4856 | D:5      | Reached XP level 8. HP: 89/89 MP: 8/8
  4928 | D:5      | Noticed Dowan
  4930 | D:5      | Noticed Duvessa
  4938 | D:5      | Killed Duvessa
  4945 | D:5      | Killed Dowan
  5568 | D:6      | Reached skill level 5 in Dodging
  5575 | D:6      | Reached **** piety under Trog
  5749 | D:6      | Reached skill level 10 in Fighting
  5776 | D:6      | Noticed Grinder
  6000 | D:6      | Paralysed by Grinder for 7 turns
  6007 | D:6      | Killed Grinder
  6007 | D:6      | Reached skill level 10 in Maces & Flails
  6007 | D:6      | Reached XP level 9. HP: 52/102 MP: 9/9
  6303 | D:6      | Found a basalt altar of Yredelemnul.
  6368 | D:6      | Found a white marble altar of Elyvilon.
  7261 | D:8      | Reached ***** piety under Trog
  7274 | D:8      | HP: 7/159 [killer bee (7)]
  7275 | D:8      | Slain by a killer bee

Skill      XL: |  1  2  3  4  5  6  7  8  9 |
---------------+----------------------------+-----
Dodging        | 3 4 5 6 |  6.1
Fighting       | 5 6 7 8 10 11 | 11.7
Maces & Flails | 5 6 7 8 10 11 | 11.4

Action                   |  1- 3 |  4- 6 |  7- 9 || total
-------------------------+-------+-------+-------++-------
Melee: Mace              |   117 |   129 |       ||   246
       Flail             |       |   127 |    13 ||   140
       Whip              |       |       |    68 ||    68
       Giant club        |       |       |   148 ||   148
Invok: Berserk           |       |     2 |     5 ||     7
       Trog's Hand       |       |       |     2 ||     2
       Burn Spellbooks   |       |       |     1 ||     1
  Use: Potion            |       |     9 |       ||     9
       Scroll            |       |     8 |       ||     8
 Stab: Sleeping          |     1 |     1 |       ||     2
  Eat: Chunk             |     1 |     9 |     8 ||    18
       Bread ration      |       |     1 |     1 ||     2
       Pizza             |       |       |     1 ||     1
Armor: Animal skin       |    42 |   109 |    40 ||   191
       Skin              |       |     2 |       ||     2
Dodge: Dodged            |    89 |   175 |   165 ||   429
